 Dungeon Sprint DCSS version 0.29-a0-870-g2c972031a6 (webtiles) character file.

Game seed: 3623221601891021030

51770 mhtbhm the End of an Era (level 14, 0/102 HPs)
             Began as a Gargoyle Fighter on July 17, 2022.
             Was the Champion of Qazlal.
             Slain by Hydeboco the pandemonium lord (21 damage)
             ... while paralysed by Hydeboco
             ... in the Dungeon (Sprint VII: "The Pits").
             The game lasted 00:14:42 (5248 turns).

mhtbhm the End of an Era (Gargoyle Fighter)         Turns: 5248, Time: 00:14:43

Health: 0/102      AC: 54    Str: 23    XL:     14   Next: 61%
Magic:  23/29      EV:  2    Int: 12    God:    Qazlal [******]
Gold:   21         SH:  0    Dex:  9    Spells: 13/13 levels left

rFire   + . .      SeeInvis .   a - +4 morningstar (vamp)
rCold   + . .      Faith    .   c - +0 tower shield
rNeg    + . .      Spirit   .   b - +6 gold dragon scales
rPois   ∞          Reflect  .   C - +1 helmet
rElec   +          Harm     .   A - +1 cloak
rCorr   .          Rampage  .   E - +1 pair of gloves
Will    +....      Rage     3%  q - +0 pair of boots
Stlth   .......... NoTele   +   (no amulet)
HPRegen 0.27/turn               n - +3 ring of intelligence
MPRegen 0.21/turn               o - +3 ring of protection

@: paralysed, protected from physical damage, flying, repel missiles
A: sickness immunity, AC +10, big wings, negative energy resistance 1,
electricity resistance, torment resistance 1, petrification resistance, berserk
1, dopey 1
a: Renounce Religion, Upheaval, Elemental Force, Disaster Area


You were in the Dungeon.
You worshipped Qazlal.
Qazlal was exalted by your worship.
You visited 1 branch You collected 21 gold pieces.

Inventory:

Hand Weapons
 a - a +4 vampiric morningstar (weapon)
 i - a +1 demon whip of flaming
Missiles
 f - 4 silver javelins
 r - 8 poisoned darts (quivered)
Armour
 b - +6 gold dragon scales (worn)
 c - a +0 tower shield (worn)
 q - a +0 pair of boots (worn)
 A - a +1 cloak (worn)
 C - a +1 helmet (worn)
 E - a +1 pair of gloves (worn)
Jewellery
 n - a +3 ring of intelligence (left hand)
 o - a +3 ring of protection (right hand)
 x - a ring of ice
Scrolls
 l - 5 scrolls of amnesia
 m - a scroll of summoning
 s - a scroll of fog
 w - a scroll of fear
 y - a scroll of identify
 z - a scroll of brand weapon
 B - a scroll of immolation
Potions
 g - 3 potions of haste
 h - 3 potions of magic
 k - a potion of invisibility
 p - 2 potions of mutation
 u - a potion of brilliance
Miscellaneous
 D - a tin of tremorstones (inert)


   Skills:
 + Level 17.4 Fighting
 + Level 18.4 Maces & Flails
 + Level 1.2 Throwing
 + Level 17.5 Armour
 + Level 6.6 Dodging
 + Level 4.5 Stealth
 + Level 20.1 Shields
 * Level 22.3 Invocations
 + Level 1.1 Evocations


You had 13 spell levels left.
You didn't know any spells.
Your spell library contained the following spells:

 Spells                   Type           Power      Damage    Failure   Level
 Blink                    Tloc           0%         N/A       100%        2
 Lesser Beckoning         Tloc           0%         N/A       100%        3
 Manifold Assault         Tloc           0%         N/A       100%        5
 Malign Gateway           Summ/Tloc      0%         N/A       100%        7
 Summon Horrible Things   Summ           0%         N/A       100%        8


Dungeon Overview and Level Annotations

Branches:
Dungeon (1/1)

Altars:
Ashenzari
Cheibriados
Dithmenos
Elyvilon
Fedhas
Gozag
Hepliaklqana
Kikubaaqudgha
Makhleb
Nemelex Xobeh
Okawaru
Qazlal
Ru
Sif Muna
Trog
Uskayaw
Vehumet
Wu Jian
Xom
Yredelemnul
Zin
The Shining One
Jiyva
Lugonu


Innate Abilities, Weirdness & Mutations

You are immune to sickness and miasma.
Your stone body is resilient. (AC +10)
You are immune to poison.
Your large and strong wings let you fly.
You resist negative energy. (rN+)
You are resistant to electric shocks. (rElec)
You are resistant to unholy torment.
You are immune to petrification.
You sometimes lose your temper in combat.
You are dopey. (Int -2)


Message History

Which direction?
You reach down and close the large door.
You reach down and open the large door.
There is a large open door to the Hallway of Sentries (Extremely Hard) here.
There is a large open door to the Hallway of Sentries (Extremely Hard) here.
You feel a little less mighty now.
You reach down and close the large door.
You recover from your berserk rage.
You start resting.
Something unseen opens the large door.
There is a strange disturbance nearby!
There is a strange disturbance nearby!
You feel better.
Okay, then.
Aiming: Upheaval
Press: ? - help, Dir - move target The ground shakes violently, spewing rubble!
The blast of rubble hits something!!!
Unknown command.
Unknown command.
Unknown command.
Unknown command.
Unknown command.
Unknown command.
You impale something!!
Something stings you but does no damage.
You don't know any spells.
Unknown command.
Aiming: Upheaval
Press: ? - help, Dir - move target A storm cloud blasts the area with cutting wind!
The cutting wind hits something!!!
Something stings you but does no damage.
Unknown command.
Unknown command.
Unknown command.
Unknown command.
Unknown command.
You miss something.
You suddenly lose the ability to move!
Something stings you!!
You die...

#§# #§# #§# #§#
#§# #§# #§#
################§#
...)............@#
))[..............#
)##############○○#
.)..#.['...'[[#..#
..).#[[#...#[[#..#
.#######...####..#
[.))#.........#..#
..)...........#..#
.)..#.........#..#


There were no monsters in sight!

Vanquished Creatures
  An ancient lich (D)
  An electric golem (D)
  A Tzitzimitl (D)
  A tentacled monstrosity (D)
  A titan (D)
  Murray (D)
  A deep elf master archer (D)
  A sphinx (D)
  A death cob (D)
  A daeva (D)
  An iron dragon (D)
  2 balrugs (D)
  A vampire knight (D)
  A white draconian (D)
  A yellow draconian (D)
  A black draconian (D)
  A merfolk avatar (D)
  An ogre mage (D)
  Erica (D)
  3 naga warriors (D)
  A dancing weapon (D)
  4 two-headed ogres (D)
  4 hell knights (D)
  2 deep elf knights (D)
  2 shadow wraiths (D)
  A sea snake (D)
  A swamp dragon (D)
  A phantasmal warrior (D)
  A necromancer (D)
  A deep elf pyromancer (D)
  12 orc knights (D)
  2 cyclopes (D)
  A black mamba (D)
  A merfolk siren (D)
  An eye of devastation (D)
  A rust devil (D)
  3 smoke demons (D)
  A cane toad (D)
  An orange demon (D)
  An unseen horror (D)
  A yaktaur (D)
  A freezing wraith (D)
  An ice devil (D)
  A red devil (D)
  A wind drake (D)
  A merfolk (D)
  2 tarantellas (D)
  A small abomination (D)
  8 blink frogs (D)
  A jumping spider (D)
  A flying skull (D)
  2 spriggans (D)
  A wraith (D)
  3 neqoxecs (D)
  A basilisk (D)
  A chaos spawn (D)
  Menkaure (D)
  2 floating eyes (D)
  3 hell hounds (D)
  4 wolves (D)
  2 ogres (D)
  2 kobold brigands (D)
  A gnoll sergeant (D)
  A hound (D)
  A jelly (D)
  2 orc priests (D)
  2 gnoll boudas (D)
  Jessica (D)
  Terence (D)
  2 hell rats (D)
  3 mummies (D)
  9 gnolls (D)
  A river rat (D)
  An ufetubus (D)
  2 adder skeletons (D)
  5 orcs (D)
  A ball python (D)
  A bat (D)
  An endoplasm (D)
  A hobgoblin (D)
  2 jackals (D)
  A kobold (D)
  A quokka (D)
  A goblin (D)
  2 rats (D)
149 creatures vanquished.

Vanquished Creatures (collateral kills)
  2 orc warlords (D)
  A minotaur (D)
  A deep elf knight (D)
  An orc knight (D)
  A cyclops (D)
  A merfolk (D)
7 creatures vanquished.

Grand Total: 156 creatures vanquished

Notes
Turn   | Place    | Note
-------+----------+-------------------------------------------
     0 | D        | mhtbhm the Gargoyle Fighter began the quest for the Orb.
     0 | D        | Reached XP level 1. HP: 14/14 MP: 1/1
   128 | D        | Found a bloodstained altar of Trog.
   128 | D        | Found a shimmering blue altar of Sif Muna.
   128 | D        | Found a viscous altar of Jiyva.
   128 | D        | Found a hazy altar of Hepliaklqana.
   128 | D        | Found an opulent altar of Gozag.
   129 | D        | Found a glowing golden altar of the Shining One.
   129 | D        | Found a glowing silver altar of Zin.
   129 | D        | Found a basalt altar of Yredelemnul.
   129 | D        | Found a shimmering altar of Xom.
   129 | D        | Found an ornate altar of the Wu Jian Council.
   129 | D        | Found a sacrificial altar of Ru.
   129 | D        | Found a stormy altar of Qazlal.
   129 | D        | Found an iron altar of Okawaru.
   129 | D        | Found a sparkling altar of Nemelex Xobeh.
   129 | D        | Found a burning altar of Makhleb.
   129 | D        | Found a blossoming altar of Fedhas.
   129 | D        | Found a white marble altar of Elyvilon.
   129 | D        | Found a shadowy altar of Dithmenos.
   129 | D        | Found a snail-covered altar of Cheibriados.
   131 | D        | Found a radiant altar of Vehumet.
   131 | D        | Found a corrupted altar of Lugonu.
   132 | D        | Found a hide-covered altar of Uskayaw.
   132 | D        | Found an ancient bone altar of Kikubaaqudgha.
   132 | D        | Found a broken altar of Ashenzari.
   138 | D        | Became a worshipper of Qazlal Stormbringer
   174 | D        | Noticed a floating eye
   179 | D        | Paralysed by a floating eye for 4 turns
   186 | D        | Killed a floating eye
   187 | D        | Reached skill level 5 in Shields
   187 | D        | Reached skill level 3 in Invocations
   187 | D        | Reached XP level 2. HP: 22/22 MP: 1/4
   187 | D        | Reached XP level 3. HP: 27/27 MP: 1/5
   187 | D        | Reached XP level 4. HP: 32/32 MP: 1/6
   242 | D        | Reached * piety under Qazlal
   248 | D        | Reached ** piety under Qazlal
   266 | D        | Reached skill level 4 in Invocations
   274 | D        | Reached XP level 5. HP: 37/37 MP: 6/8
   276 | D        | Reached *** piety under Qazlal
   341 | D        | Noticed Terence
   349 | D        | Noticed a flying skull
   350 | D        | Noticed Menkaure
   355 | D        | Noticed an ogre
   356 | D        | Reached skill level 1 in Stealth
   356 | D        | Reached skill level 5 in Invocations
   392 | D        | Killed Terence
   392 | D        | Reached **** piety under Qazlal
   393 | D        | Reached XP level 6. HP: 26/44 MP: 9/9
   433 | D        | Killed a flying skull
   434 | D        | Reached skill level 5 in Maces & Flails
   434 | D        | Reached skill level 1 in Dodging
   434 | D        | Reached skill level 6 in Invocations
   441 | D        | Reached XP level 7. HP: 48/48 MP: 9/11
   447 | D        | Killed Menkaure
   447 | D        | Reached ***** piety under Qazlal
   448 | D        | Reached skill level 7 in Invocations
   549 | D        | Noticed a smoke demon
   564 | D        | Killed a smoke demon
   565 | D        | Reached skill level 8 in Invocations
   565 | D        | Reached XP level 8. HP: 29/55 MP: 12/14
   795 | D        | Noticed a black mamba
   800 | D        | Noticed Jessica
   827 | D        | Killed a black mamba
   832 | D        | Killed Jessica
   833 | D        | Reached skill level 9 in Invocations
  1046 | D        | Noticed a phantasmal warrior
  1046 | D        | Noticed a sea snake
  1059 | D        | Killed a phantasmal warrior
  1060 | D        | Reached skill level 10 in Armour
  1060 | D        | Reached skill level 10 in Shields
  1060 | D        | Reached XP level 9. HP: 36/62 MP: 14/16
  1080 | D        | Killed a sea snake
  1080 | D        | Reached ****** piety under Qazlal
  1081 | D        | Reached skill level 10 in Fighting
  1081 | D        | Reached skill level 10 in Maces & Flails
  1081 | D        | Reached skill level 10 in Invocations
  1246 | D        | Reached XP level 10. HP: 37/68 MP: 18/18
  1253 | D        | Reached skill level 11 in Invocations
  1460 | D        | Killed an unseen horror
  1562 | D        | Noticed a cyclops
  1577 | D        | Killed a cyclops
  1754 | D        | Noticed a cane toad
  1761 | D        | Gained mutation: You are dopey. (Int -2) [a neqoxec]
  1762 | D        | Killed a cane toad
  1763 | D        | Reached skill level 12 in Invocations
  1792 | D        | Killed a shadow wraith
  2039 | D        | Noticed an orange demon
  2050 | D        | Killed a shadow wraith
  2051 | D        | Reached XP level 11. HP: 45/76 MP: 20/20
  2331 | D        | Noticed an orc knight
  2331 | D        | Noticed a two-headed ogre
  2331 | D        | Noticed a two-headed ogre
  2335 | D        | Noticed Erica
  2335 | D        | Noticed an ogre mage
  2335 | D        | Noticed a cyclops
  2335 | D        | Noticed a two-headed ogre
  2337 | D        | Noticed a two-headed ogre
  2339 | D        | Killed a two-headed ogre
  2339 | D        | Killed a two-headed ogre
  2340 | D        | Reached skill level 5 in Dodging
  2340 | D        | Reached skill level 13 in Invocations
  2345 | D        | Killed a two-headed ogre
  2345 | D        | Killed a cyclops
  2345 | D        | Killed an ogre mage
  2345 | D        | Killed an orc knight
  2345 | D        | Killed a two-headed ogre
  2346 | D        | Reached skill level 15 in Shields
  2346 | D        | Reached skill level 14 in Invocations
  2349 | D        | Killed Erica
  2350 | D        | Reached skill level 15 in Maces & Flails
  2350 | D        | Reached XP level 12. HP: 27/84 MP: 6/22
  2819 | D        | Gained mutation: You sometimes lose your temper in combat.
                  | [a neqoxec]
  2935 | D        | Reached skill level 15 in Invocations
  2935 | D        | Noticed a vampire knight
  2949 | D        | Paralysed by something for 2 turns
  2964 | D        | Paralysed by something for 4 turns
  2973 | D        | Killed a vampire knight
  3304 | D        | Noticed a merfolk avatar
  3304 | D        | Noticed a yellow draconian
  3304 | D        | Noticed a white draconian
  3304 | D        | Noticed a death cob
  3318 | D        | Killed a white draconian
  3318 | D        | Killed a merfolk avatar
  3322 | D        | Killed a death cob
  3322 | D        | Killed a yellow draconian
  3323 | D        | Reached skill level 15 in Armour
  3323 | D        | Reached skill level 16 in Invocations
  3341 | D        | Got the ring "Womahas" {MP+9 Int+2}
  3431 | D        | Noticed an orc warlord
  3431 | D        | Noticed an orc warlord
  3432 | D        | Noticed a minotaur
  3436 | D        | Reached skill level 17 in Invocations
  3436 | D        | Reached XP level 13. HP: 89/91 MP: 16/25
  3438 | D        | Killed a minotaur
  3441 | D        | Killed an orc warlord
  3443 | D        | Killed an orc warlord
  3444 | D        | Reached skill level 15 in Fighting
  3446 | D        | Reached skill level 18 in Invocations
  3462 | D        | Reached skill level 19 in Invocations
  3490 | D        | Reached skill level 1 in Throwing
  3490 | D        | Reached skill level 20 in Invocations
  3991 | D        | Noticed a balrug
  4006 | D        | Killed a balrug
  4007 | D        | Reached skill level 1 in Evocations
  4177 | D        | Noticed a daeva
  4200 | D        | Killed a daeva
  4594 | D        | Noticed an ancient lich
  4619 | D        | Killed an ancient lich
  4620 | D        | Reached skill level 21 in Invocations
  4620 | D        | Gained mutation: Your large and strong wings let you fly.
                  | [Gargoyle growth]
  4620 | D        | Reached XP level 14. HP: 56/100 MP: 28/28
  4789 | D        | Noticed a deep elf master archer
  4803 | D        | Killed a deep elf master archer
  4834 | D        | Noticed an electric golem
  4850 | D        | Killed an electric golem
  5033 | D        | Noticed an iron dragon
  5059 | D        | Killed an iron dragon
  5101 | D        | Noticed a titan
  5101 | D        | Noticed a balrug
  5101 | D        | Noticed a tentacled monstrosity
  5101 | D        | Noticed a black draconian
  5101 | D        | Noticed a Tzitzimitl
  5101 | D        | Noticed a sphinx
  5102 | D        | Killed a balrug
  5102 | D        | Killed a titan
  5102 | D        | Killed a tentacled monstrosity
  5102 | D        | Killed a black draconian
  5102 | D        | Killed a sphinx
  5102 | D        | Killed a Tzitzimitl
  5103 | D        | Reached skill level 22 in Invocations
  5151 | D        | Noticed Murray
  5212 | D        | Noticed Hydeboco the pandemonium lord
  5214 | D        | Killed Murray
  5224 | D        | Paralysed by a floating eye for 4 turns
  5247 | D        | Paralysed by something for 3 turns
  5248 | D        | Slain by Hydeboco the pandemonium lord

Illustrated notes

Levels and vault maps discovered:
D:        pitsprint [storerooms_1, entrance_room_1, metal_vault_2, armoury_2,
          mini_pit_1, grid_room_1, main_hall_1, silver_pit, the_coven_3,
          the_vestibule_1, steel_vault_3, golden_pit, hallway_of_sentries,
          crystal_vault_4, iron_vault_4, final_vault]

Skill      XL: |  1  2  3  4  5  6  7  8  9 10 11 12 13 14 |
---------------+-------------------------------------------+-----
Fighting       | 6 7 8 9 10 11 13 14 16 17 | 17.4
Maces & Flails | 3 4 6 7 9 11 13 15 16 17 18 | 18.4
Armour         | 6 7 8 9 10 12 13 15 16 17 | 17.5
Shields        | 5 6 7 8 10 12 13 15 16 18 20 | 20.1
Invocations    | 3 4 5 6 8 9 10 12 14 17 21 22 | 22.3
Stealth        | 1 4 |  4.5
Dodging        | 1 2 3 4 5 6 |  6.6
Throwing       | 1 |  1.2
Evocations     | 1 |  1.1

Action                   |  1- 3 |  4- 6 |  7- 9 | 10-12 | 13-15 || total
-------------------------+-------+-------+-------+-------+-------++-------
Melee: Mace              |     7 |    99 |    69 |       |       ||   175
       Flail             |     2 |       |       |       |       ||     2
       Morningstar       |       |       |    49 |   196 |   215 ||   460
Throw: Dart              |       |       |       |       |     2 ||     2
Invok: Disaster Area     |       |       |       |     5 |     3 ||     8
       Elemental Force   |       |       |       |     1 |     5 ||     6
       Upheaval          |       |       |       |     1 |     2 ||     3
Evoke: Tin of tremorston |       |       |       |       |     4 ||     4
  Use: Potion            |       |     5 |     2 |    13 |    15 ||    35
       Scroll            |       |       |       |       |    11 ||    11
 Stab: Paralysed         |       |       |       |       |     2 ||     2
Armor: Scale mail        |       |    11 |       |       |       ||    11
       Chain mail        |       |    39 |    71 |   143 |    13 ||   266
       Gold dragon scale |       |       |       |       |    92 ||    92
Dodge: Dodged            |       |    27 |    26 |    46 |    20 ||   119
       Repelled          |       |       |       |     2 |     1 ||     3
Block: Buckler           |       |    41 |    98 |   111 |    28 ||   278
       Tower shield      |       |       |       |       |   152 ||   152

Table legend: (Time is in decaauts)
 A = Elapsed time spent in this place.
 B = Non-inter-level travel time spent in this place.
 C = Inter-level travel time spent in this place.
 D = Time resting spent in this place.
 E = Time spent auto-exploring this place.
 F = Levels seen in this place.
 G = Mean time per level.
                   A        B        C        D        E       F      G
               +--------+--------+--------+--------+--------+-----+--------+
         Total |   5258 |   5258 |      0 |   3036 |    165 |   1 | 5258.0 |
       Dungeon |   5258 |   5258 |      0 |   3036 |    165 |   1 | 5258.0 |
               +--------+--------+--------+--------+--------+-----+--------+

Top non-repeatable levels by time:
       D: 5258 daAuts
